 Dungeon Crawl Stone Soup version 0.30-a0-509-gd016549fea (webtiles) character file.

Game seed: 4516672950295812459

322 bande the Covered (level 6, -2/38 HPs)
             Began as a Gargoyle Fighter on Dec 23, 2022.
             Slain by Blork the orc
             ... wielding a +0 trident
              (8 damage)
             ... on level 4 of the Dungeon.
             The game lasted 00:05:04 (2677 turns).

bande the Covered (Gargoyle Fighter)                Turns: 2677, Time: 00:05:05

Health: -2/38      AC: 11    Str: 26    XL:     6   Next: 47%
Magic:  6/6        EV:  9    Int:  8    God:
Gold:   228        SH:  4    Dex: 11    Spells: 5/5 levels left

rFire   . . .      SeeInvis .    a - +0 war axe
rCold   . . .      Faith    .    c - +0 buckler
rNeg    + . .      Spirit   .    b - +0 scale mail
rPois   ∞          Reflect  .    (no helmet)
rElec   +          Harm     .    (no cloak)
rCorr   .          Rampage  .    (no gloves)
Will    .....                    (no boots)
Stlth   ..........               (no amulet)
HPRegen 0.26/turn                k - +6 ring of strength
MPRegen 0.10/turn                (no ring)

@: slowed, very slow
A: sickness immunity, AC +4, negative energy resistance 1, electricity
resistance, torment resistance 1, petrification resistance
a: no special abilities


You were on level 4 of the Dungeon.
You visited 1 branch of the dungeon, and saw 4 of its levels.

You collected 228 gold pieces.

Inventory:

Hand Weapons
 a - a +0 war axe (weapon)
Armour
 b - a +0 scale mail (worn)
 c - a +0 buckler (worn)
Jewellery
 k - a +6 ring of strength (left hand)
Scrolls
 e - a scroll of torment {unknown}
 f - a scroll of blinking {unknown}
 h - a scroll of noise {unknown}
 l - 5 scrolls of teleportation {unknown}
 o - a scroll of enchant weapon {unknown}
 p - 3 scrolls of poison {unknown}
 q - 3 scrolls of amnesia {unknown}
 r - a scroll of magic mapping {unknown}
 s - 2 scrolls of immolation {unknown}
 t - a scroll of butterflies {unknown}
 v - a scroll of fog {unknown}
 w - a scroll of brand weapon {unknown}
 x - a scroll of enchant armour {unknown}
Potions
 d - 2 potions of might
 g - 2 potions of heal wounds {unknown}
 i - a potion of cancellation {unknown}
 j - a potion of brilliance {unknown}
 m - a potion of curing {unknown}
 n - a potion of berserk rage {unknown}
 u - a potion of ambrosia {unknown}
 z - a potion of mutation {unknown}


   Skills:
 + Level 4.0 Fighting
 + Level 4.4 Axes
 + Level 4.6 Armour
 + Level 4.2 Shields


You had 5 spell levels left.
You didn't know any spells.
Your spell library contained the following spells:

 Spells                   Type           Power      Damage    Failure   Level
 Slow                     Hex            0%         N/A       77%         1
 Confusing Touch          Hex            0%         N/A       98%         3
 Hailstorm                Conj/Ice       0%         3d3       98%         3
 Portal Projectile        Hex/Tloc       0%         N/A       98%         3
 Tukima's Dance           Hex            0%         N/A       98%         3
 Vampiric Draining        Necr           0%         2d6       98%         3
 Ice Form                 Ice/Tmut       0%         N/A       100%        4
 Petrify                  Tmut/Erth      0%         N/A       100%        4
 Blade Hands              Tmut           0%         N/A       100%        5
 Irradiate                Conj/Tmut      0%         3d11      100%        5
 Simulacrum               Ice/Necr       0%         N/A       100%        6
 Sublimation of Blood     Necr           Unusable   N/A       N/A         2

Dungeon Overview and Level Annotations

Branches:
Dungeon (4/15)
 Temple: D:4-7

Altars:
Uskayaw

Shops:
D:4 :

Annotations:
D:4 Blork the orc


Innate Abilities, Weirdness & Mutations

You are immune to sickness and miasma.
Your stone body is resilient. (AC +4)
You are immune to poison.
You resist negative energy. (rN+)
You are resistant to electric shocks. (rElec)
You are resistant to unholy torment.
You are immune to petrification.


Message History

Blork the orc casts a cantrip, but nothing happens.
Blork the orc closely misses you. Natasha claws you but does no damage.
Blork the orc closely misses you. Natasha claws you but does no damage.
The shadow imp closely misses you.
You closely miss Blork the orc.
Blork the orc is almost dead.
You slash the shadow imp! You hit Natasha.
Blork the orc miscasts a cantrip.
Blork the orc casts a spell at you.
The magic dart hits you but does no damage.
Natasha completely misses you.
The shadow imp hits you but does no damage.
Blork the orc points at you and mumbles some strange words.
The magic dart hits you. Natasha casts a spell at you. The magic dart hits you!
The shadow imp barely misses you.
You are too injured to fight recklessly!
You are too injured to fight recklessly!
You are too injured to fight recklessly!
You are too injured to fight recklessly!
Unknown command.
You barely miss the shadow imp.
The shadow imp is severely wounded.
You slash Natasha!
You kill Natasha!
Natasha yowls pathetically as she dies!
The shadow imp disappears in a puff of smoke!
You hit Blork the orc but do no damage.
Blork the orc jeers loudly.
Blork the orc hits you but does no damage.
Blork the orc hits you with a +0 trident.
You block Blork the orc's attack.
Unknown command.
Blork the orc closely misses you.
Blork the orc hits you from afar with a +0 trident.
Unknown command.
You block Blork the orc's attack.
Blork the orc hits you with a +0 trident!
* * * LOW HITPOINT WARNING * * *
Blork the orc hits you with a +0 trident!
You die...

#.#.. ...... .#..##......
........... # ..#..... #
####.#.... # .......# +
#..###o)†.# # #......@..#
# #...#####.# # #. #.#.# #
#...###.#'#+###+#
#................ ####
#..###.#..)...... ....
.....+.........
#############.###.........
................'.........


You could see Blork the orc (fast).

Vanquished Creatures
  Sigmund (D:4)
  Natasha (D:4)
  4 adders (D:2)
  6 worms (D:2)
  2 dart slugs
  An orc (D:4)
  12 ball pythons
  3 endoplasms
  4 giant cockroaches
  8 hobgoblins
  8 jackals
  8 kobolds
  A quokka (D:1)
  10 bats
  4 frilled lizards
  3 goblins
  7 rats
83 creatures vanquished.

Notes
Turn   | Place    | Note
-------+----------+-------------------------------------------
     0 | D:1      | bande the Gargoyle Fighter began the quest for the Orb.
     0 | D:1      | Reached XP level 1. HP: 14/14 MP: 1/1
   209 | D:1      | Reached XP level 2. HP: 19/19 MP: 2/2
   291 | D:1      | Found a faded altar of an unknown god.
   513 | D:1      | Reached XP level 3. HP: 19/23 MP: 3/3
   777 | D:2      | Found a hide-covered altar of Uskayaw.
   873 | D:2      | Reached XP level 4. HP: 28/28 MP: 4/4
  1456 | D:2      | Reached XP level 5. HP: 33/33 MP: 5/5
  1718 | D:3      | Identified the +0 helmet of the Teacher {Drain rPois Int+3}
  2414 | D:4      | Found Biach's Vocational Training.
  2613 | D:4      | Noticed Sigmund
  2625 | D:4      | Killed Sigmund
  2626 | D:4      | Reached XP level 6. HP: 30/38 MP: 6/6
  2663 | D:4      | Noticed Blork the orc
  2665 | D:4      | Noticed Natasha
  2675 | D:4      | Killed Natasha
  2677 | D:4      | Slain by Blork the orc

Illustrated notes

Levels and vault maps discovered:
D:1:      wander_arrival_chamber, layout_loops_ring,
          ebering_ecumenical_altar_abandoned
D:2:      minmay_chambers_of_ones, layout_loops_ring, basic_altar,
          minmay_misc_feat_diagonals, hangedman_feature_mirror,
          nicolae_wormholes
D:3:      layout_basic
D:4:      layout_basic, serial_shops, shop, minmay_fountain_box,
          nicolae_shop_vocational, uniq_sigmund, uniq_natasha,
          uniq_blork_the_orc

Skill      XL: |  1  2  3  4  5 |
---------------+----------------+-----
Axes           | 2 3 4 |  4.4
Armour         | 4 |  4.6
Shields        | 4 |  4.2
Fighting       | 4 |  4.0

Action                   |  1- 3 |  4- 6 || total
-------------------------+-------+-------++-------
Melee: War axe           |   113 |   135 ||   248
Armor: Scale mail        |    62 |    87 ||   149
Dodge: Dodged            |    62 |    72 ||   134
Block: Buckler           |    26 |    34 ||    60

Table legend: (Time is in decaauts)
 A = Elapsed time spent in this place.
 B = Non-inter-level travel time spent in this place.
 C = Inter-level travel time spent in this place.
 D = Time resting spent in this place.
 E = Time spent auto-exploring this place.
 F = Levels seen in this place.
 G = Mean time per level.
                   A        B        C        D        E       F      G
               +--------+--------+--------+--------+--------+-----+--------+
         Total |   2782 |   2639 |    143 |      0 |   2000 |   4 |  695.5 |
       Dungeon |   2782 |   2639 |    143 |      0 |   2000 |   4 |  695.5 |
               +--------+--------+--------+--------+--------+-----+--------+

Top non-repeatable levels by time:
     D:2: 954 daAuts
     D:1: 769 daAuts
     D:3: 740 daAuts
     D:4: 319 daAuts
